 Dungeon Crawl Stone Soup version 0.23.1 (webtiles) character file.

Game seed: 17115665017247690747

154 LostNumber the Skirmisher (level 5, 0/61 HPs)
             Began as a Demonspawn Abyssal Knight on Mar 10, 2019.
             Was a Believer of Lugonu.
             Succumbed to a kobold's poison
             ... on level 4 of the Dungeon.
             The game lasted 00:03:14 (2876 turns).

LostNumber the Skirmisher (DsAK)                    Turns: 2876, Time: 00:03:14

Health: 0/61       AC: 22    Str: 12 (14) XL:     5   Next: 13%
Magic:  7/7        EV:  2    Int: 16 (18) God:    Lugonu [**....]
Gold:   279        SH:  0    Dex: 15 (17) Spells: 4/4 levels left

rFire    . . .     SeeInvis .   a - +1 hand axe
rCold    . . .     Gourm    .   (no shield)
rNeg     + + +     Faith    .   (armour currently unavailable)
rPois    +         Spirit   .   (helmet currently unavailable)
rElec    .         Reflect  .   (cloak currently unavailable)
rCorr    .         Harm     .   (gloves currently unavailable)
MR       .....     NoTele   +   (boots currently unavailable)
Stlth    ++........             (no amulet)
HPRegen  0.20/turn              (no ring)
MPRegen  0.10/turn              (no ring)

@: brilliant, agile, lethally poisoned (0 -> -4), tree-form, berserk cooldown,
very slightly contaminated, hasted and slowed, invisible
A: deterioration 1, foul stench 1, rot immunity
a: Depart the Abyss, Bend Space, Renounce Religion


You were on level 4 of the Dungeon.
You worshipped Lugonu.
Lugonu was pleased with you.
You were not hungry.
You were a tree.
You visited 1 branch of the dungeon, and saw 4 of its levels.
You visited the Abyss 1 time.

You collected 279 gold pieces.

Inventory:

Hand Weapons
 a - a +1 hand axe (weapon)
Armour
 b - a +0 leather armour
 d - a +0 ring mail (melded)
   (You found it on level 1 of the Dungeon)
 n - a +0 pair of boots (melded)
   (You found it on level 2 of the Dungeon)
Jewellery
 j - a +3 ring of intelligence {unknown}
   (You found it on level 1 of the Dungeon)
 y - an uncursed ring of protection from fire {unknown}
   (You found it on level 4 of the Dungeon)
Scrolls
 f - a scroll of magic mapping {unknown}
 g - 7 scrolls of identify {unknown}
 i - 2 scrolls of enchant armour {unknown}
 l - a scroll of fog {unknown}
 m - a scroll of random uselessness {unknown}
 r - 2 scrolls of fear {unknown}
 u - a scroll of teleportation {unknown}
 x - a scroll of remove curse {unknown}
Potions
 h - a potion of flight
Comestibles
 e - 7 rations {!d}


   Skills:
 + Level 3.5 Fighting
 * Level 3.2 Axes
 + Level 2.4 Armour
 + Level 2.0 Dodging
 + Level 3.4 Invocations


You had 4 spell levels left.
You didn't know any spells.
Your spell library was empty.

Dungeon Overview and Level Annotations

Branches:
Dungeon (4/15)
 Temple: D:4-7

Altars:
Gozag
Nemelex Xobeh
Ru


Innate Abilities, Weirdness & Mutations

((You have large cloven feet.))
You may emit foul miasma when damaged in melee.
You are immune to rotting.
((You have a pair of small antennae on your head.))
Your body sometimes deteriorates upon taking damage.


Message History

You feel weakened.
You feel dopey.
You feel clumsy.
It was a potion of berserk rage.
A red film seems to cover your vision as you go berserk!
You feel yourself moving faster!
You feel mighty!
* * * LOW HITPOINT WARNING * * *
You feel sick.
You are too berserk!
Unknown command.
You start resting.
You feel a strong urge to attack something.
* * * LOW HITPOINT WARNING * * *
You feel sick.
You start resting.
* * * LOW HITPOINT WARNING * * *
You feel sick.
You start resting.
You feel your anger nearly subside.
Eating a chunk of flesh.
You eat the chunk of flesh.
* * * LOW HITPOINT WARNING * * *
You feel sick.
You start resting.
You are no longer berserk.
You pass out from exhaustion.
You feel yourself slow down.
* * * LOW HITPOINT WARNING * * *
You feel sick.
* * * LOW HITPOINT WARNING * * *
You feel sick.
You can move again.
Okay, then.
There is a lethal amount of poison in your body!
Unknown command.
It was a potion of agility.
You feel agile all of a sudden.
* * * LOW HITPOINT WARNING * * *
You feel sick.
It was a potion of mutation.
You feel extremely strange.
You feel yourself wasting away. A pair of antennae grows on your head!
* * * LOW HITPOINT WARNING * * *
You feel sick.
It was a potion of brilliance.
You feel clever all of a sudden.
* * * LOW HITPOINT WARNING * * *
You feel sick.
There is a lethal amount of poison in your body!
There is a lethal amount of poison in your body!
Unknown command.
* * * LOW HITPOINT WARNING * * *
You feel sick.
You die...

#.###.#.#### #.# #.#.#
#.# #.#.# #.# #.#.#
##.###.#.# ######
#....#.#.# ......#
####.#.#.#
......)##.##.#.#.#######
......(♣'.##.#.#........
%.....†('..#.# #########
+#....†.(....#
#.....##(##.# #....#
####.# ##### #.# #.# #.#
#.#


There were no monsters in sight!

Vanquished Creatures
  An orc priest (D:3)
  Terence (D:2)
  2 adders (D:4)
  4 worms
  3 dart slugs
  A leopard gecko (D:3)
  3 orcs (D:3)
  3 bats (D:1)
  2 giant cockroaches (D:1)
  4 goblins
  3 hobgoblins
  4 quokkas
  3 ball pythons (D:3)
  9 frilled lizards
  A jackal skeleton (D:4)
  14 kobolds
  7 rats
65 creatures vanquished.

Notes
Turn   | Place    | Note
-------+----------+-------------------------------------------
     0 | Abyss:1  | LostNumber the Demonspawn Abyssal Knight began the quest
                  | for the Orb.
     0 | Abyss:1  | Reached XP level 1. HP: 18/18 MP: 2/2
    30 | Abyss:1  | Noticed an eye of draining
    31 | D:1      | Escaped the Abyss
    68 | D:1      | Reached * piety under Lugonu
    80 | D:1      | Reached skill level 1 in Dodging
   197 | D:1      | Gained mutation: You are immune to rotting. [demonic
                  | ancestry]
   197 | D:1      | Reached XP level 2. HP: 24/24 MP: 3/3
   413 | D:2      | Found a sacrificial altar of Ru.
   706 | D:2      | Gained mutation: You may emit foul miasma when damaged in
                  | melee. [demonic ancestry]
   706 | D:2      | Reached XP level 3. HP: 5/29 MP: 5/5
  1041 | D:2      | Noticed Terence
  1067 | D:2      | Killed Terence
  1448 | D:2      | Found a faded altar of an unknown god.
  1561 | D:2      | Found a sparkling altar of Nemelex Xobeh.
  1561 | D:2      | Found an opulent altar of Gozag.
  1797 | D:3      | Reached XP level 4. HP: 34/35 MP: 6/6
  2301 | D:3      | Reached ** piety under Lugonu
  2746 | D:4      | Gained mutation: You have large cloven feet. [demonic
                  | ancestry]
  2746 | D:4      | Reached XP level 5. HP: 41/41 MP: 7/7
  2871 | D:4      | HP: 3/61 [poisoned by a kobold]
  2872 | D:4      | Gained mutation: Your body sometimes deteriorates upon
                  | taking damage. [potion of mutation]
  2872 | D:4      | Gained mutation: You have a pair of small antennae on your
                  | head. [potion of mutation]
  2873 | D:4      | HP: 1/61 [poisoned by a kobold]
  2876 | D:4      | Succumbed to a kobold's poison

Skill      XL: |  1  2  3  4  5 |
---------------+----------------+-----
Dodging        | 1 2 |  2.0
Axes           | 2 3 |  3.2
Armour         | 2 |  2.4
Invocations    | 3 |  3.4
Fighting       | |  3.5

Action                   |  1- 3 |  4- 6 || total
-------------------------+-------+-------++-------
Melee: Hand axe          |   140 |    89 ||   229
Invok: Depart the Abyss  |     1 |       ||     1
  Use: Potion            |       |     9 ||     9
  Eat: Chunk             |     3 |     4 ||     7
Armor: Ring mail         |    41 |    33 ||    74
Dodge: Dodged            |    82 |    51 ||   133
